HSSL
TACOMA HS TORCHMEN @ NEWPORT NEWS HS PAINTS
04/25/2026
 
TOP OF THE 1ST
Tacoma HS Torchmen batting - Pitching for Newport News HS Paints : LHP Lonnie Phillips
Pitching: LHP Lonnie Phillips
Batting: RHB Cristián Ortega 0-0: Swinging Strike
0-1: Ball
1-1: Called Strike
1-2: Strikes out looking
Batting: RHB Ray Bray 0-0: Ball
1-0: Swinging Strike
1-1: Ball
2-1: Foul Ball, location: 2F
2-2: Hit by Pitch
Batting: LHB Larry Estes 0-0: Foul Ball, location: 2F
0-1: Swinging Strike
0-2: Ball
1-2: Strikes out swinging
Batting: RHB Harold Allen 0-0: Ball
1-0: Ball
2-0: DOUBLE (Flyball, 78XD)
Ray Bray to third
Runner from 3rd tries for Home, SAFE, no throw or cutoff
Batting: RHB Edison Jones 0-0: 2-RUN HOME RUN (Flyball, 7LD), Distance : 363 ft
Batting: RHB Kel Turner 0-0: Ball
1-0: Ball
2-0: Ball
3-0: Base on Balls
Batting: LHB Terry Ives 0-0: Ball
1-0: Foul Ball, location: 2F
1-1: SINGLE (Line Drive, 89S)
Kel Turner to second
Batting: RHB Dave MacGruder 0-0: Ball
1-0: 3-RUN HOME RUN (Flyball, 78XD), Distance : 430 ft
Batting: RHB Scotty Sherman 0-0: Ball
1-0: Called Strike
1-1: Foul Ball, location: 2F
1-2: Ball
2-2: Foul Ball, location: 2F
2-2: Ball
3-2: Base on Balls
Batting: RHB Cristián Ortega Reached via error on a dropped throw, E3
Scotty Sherman to second
Batting: RHB Ray Bray 0-0: Foul Ball, location: 2F
0-1: Ball
1-1: Called Strike
1-2: Fly out, F7 (Flyball, 78S)
Top of the 1st over - 6 run(s), 4 hit(s), 1 error(s), 2 left on base; Tacoma HS 6 - Newport News HS 0
BOTTOM OF THE 1ST
Newport News HS Paints batting - Pitching for Tacoma HS Torchmen : RHP Jim Major
Pitching: RHP Jim Major
Batting: RHB John Graham 0-0: Ball
1-0: Foul Ball, location: 2F
1-1: Fly out, F8 (Flyball, 8RD)
Batting: RHB Paul Nelson 0-0: Ball
1-0: Ball
2-0: Ball
3-0: Called Strike
3-1: Foul Ball, location: 2F
3-2: Ground out 4-3 (Groundball, 4)
Batting: LHB Juan Lima 0-0: Ball
1-0: Called Strike
1-1: Ball
2-1: Swinging Strike
2-2: Reached on Error, E8 (Flyball, 8LM)
Batting: LHB Mark Wilson 0-0: Ball
1-0: Ball
2-0: Called Strike
2-1: Called Strike
2-2: Foul Ball, location: 2F
2-2: Strikes out swinging
Bottom of the 1st over - 0 run(s), 0 hit(s), 1 error(s), 1 left on base; Tacoma HS 6 - Newport News HS 0
TOP OF THE 2ND
Tacoma HS Torchmen batting - Pitching for Newport News HS Paints : LHP Lonnie Phillips
Batting: LHB Larry Estes 0-0: Ball
1-0: Called Strike
1-1: Fly out, F9 (Flyball, 9M)
Batting: RHB Harold Allen 0-0: Ball
1-0: Ball
2-0: Ground out 5-3 (Groundball, 5S)
Batting: RHB Edison Jones 0-0: Called Strike
0-1: Ground out 5-3 (Groundball, 56)
Top of the 2nd over - 0 run(s), 0 hit(s), 0 error(s), 0 left on base; Tacoma HS 6 - Newport News HS 0
BOTTOM OF THE 2ND
Newport News HS Paints batting - Pitching for Tacoma HS Torchmen : RHP Jim Major
Batting: RHB Lynn Johnson 0-0: Ball
1-0: Ball
2-0: Ground out 4-3 (Groundball, 4)
Batting: LHB William Donnelly 0-0: Called Strike
0-1: Ball
1-1: Ball
2-1: Called Strike
2-2: Strikes out looking
Batting: RHB Todd McDaniel 0-0: Called Strike
0-1: Ball
1-1: DOUBLE (Line Drive, 5L)
Batting: RHB Seth O'Toole 0-0: Ground out 5-3 (Groundball, 5S)
Bottom of the 2nd over - 0 run(s), 1 hit(s), 0 error(s), 1 left on base; Tacoma HS 6 - Newport News HS 0
TOP OF THE 3RD
Tacoma HS Torchmen batting - Pitching for Newport News HS Paints : LHP Lonnie Phillips
Batting: RHB Kel Turner 0-0: Ball
1-0: Foul Ball, location: 2F
1-1: Ball
2-1: Ball
3-1: Called Strike
3-2: Foul Ball, location: 2F
3-2: Base on Balls
Batting: LHB Terry Ives 0-0: Ball
1-0: Ground out 1-3 (Groundball, 3S)
Kel Turner to second
Batting: RHB Dave MacGruder 0-0: Called Strike
0-1: Ball
1-1: Ball
2-1: Foul Ball, location: 2F
2-2: Foul Ball, location: 2F
2-2: SINGLE (Groundball, 3D)
Kel Turner to third
Batting: RHB Scotty Sherman 0-0: Ball
1-0: SINGLE (Line Drive, 4MD)
Kel Turner scores
Dave MacGruder to second
Batting: RHB Cristián Ortega 0-0: Ball
1-0: Ball
2-0: Foul Ball, location: 2F
2-1: Fly out, F8 (Flyball, 8LS)
Batting: RHB Ray Bray 0-0: Foul Ball, location: 2F
0-1: Fielders Choice at 2nd, U6 (Groundball, 6M)
Top of the 3rd over - 1 run(s), 2 hit(s), 0 error(s), 2 left on base; Tacoma HS 7 - Newport News HS 0
BOTTOM OF THE 3RD
Newport News HS Paints batting - Pitching for Tacoma HS Torchmen : RHP Jim Major
Batting: RHB Steve Stephens 0-0: Called Strike
0-1: Swinging Strike
0-2: Strikes out looking
Batting: RHB John Graham 0-0: Ball
1-0: DOUBLE (Flyball, 9LM)
Batting: RHB Paul Nelson 0-0: Ball
1-0: Ball
2-0: Ball
3-0: Base on Balls
Batting: LHB Juan Lima 0-0: Called Strike
0-1: Swinging Strike
0-2: Strikes out swinging
Batting: LHB Mark Wilson 0-0: SINGLE (Groundball, 6MD)
John Graham to third
Paul Nelson to second
Runner from 3rd tries for Home, SAFE, no throw or cutoff
Batting: RHB Lynn Johnson 0-0: Ball
1-0: Ball
2-0: Foul Ball, location: 2F
2-1: Called Strike
2-2: Strikes out looking
Bottom of the 3rd over - 1 run(s), 2 hit(s), 0 error(s), 2 left on base; Tacoma HS 7 - Newport News HS 1
TOP OF THE 4TH
Tacoma HS Torchmen batting - Pitching for Newport News HS Paints : LHP Lonnie Phillips
Pitching: LHP Jesús Quintana
Batting: LHB Larry Estes 0-0: Swinging Strike
0-1: Ball
1-1: Called Strike
1-2: Strikes out swinging
Batting: RHB Harold Allen 0-0: Reached on error, E5 (Groundball, 5S)
Batting: RHB Edison Jones 0-0: Ground out 6-3 (Groundball, 6M)
Harold Allen to third
Batting: RHB Kel Turner 0-0: Ball
1-0: Fly out, F5 (Line Drive, 5L)
Top of the 4th over - 0 run(s), 0 hit(s), 1 error(s), 1 left on base; Tacoma HS 7 - Newport News HS 1
BOTTOM OF THE 4TH
Newport News HS Paints batting - Pitching for Tacoma HS Torchmen : RHP Jim Major
Batting: LHB William Donnelly 0-0: Ball
1-0: Foul Ball, location: 2F
1-1: Called Strike
1-2: Strikes out swinging
Batting: RHB Todd McDaniel 0-0: Called Strike
0-1: Ball
1-1: Swinging Strike
1-2: Ball
2-2: Foul Ball, location: 2F
2-2: Strikes out swinging
Batting: RHB Seth O'Toole 0-0: Foul Ball, location: 2F
0-1: Ball
1-1: Ball
2-1: Ball
3-1: Foul Ball, location: 2F
3-2: Base on Balls
Batting: RHB Steve Stephens 0-0: Swinging Strike
0-1: SINGLE (Groundball, 5D)
Seth O'Toole to second
Batting: RHB John Graham 0-0: Ball
1-0: Fielders Choice at 2nd, 5-4 (Groundball, 56)
Bottom of the 4th over - 0 run(s), 1 hit(s), 0 error(s), 1 left on base; Tacoma HS 7 - Newport News HS 1
TOP OF THE 5TH
Tacoma HS Torchmen batting - Pitching for Newport News HS Paints : LHP Jesús Quintana
Batting: LHB Terry Ives 0-0: Foul Ball, location: 2F
0-1: Swinging Strike
0-2: Foul Ball, location: 2F
0-2: Ball
1-2: Ball
2-2: Foul Ball, location: 2F
2-2: Fly out, F6 (Popup, 56)
Batting: RHB Dave MacGruder 0-0: Called Strike
0-1: Ball
1-1: Ball
2-1: SINGLE (Groundball, 5L)
Batting: RHB Scotty Sherman 0-0: Ball
1-0: Swinging Strike
1-1: Ball
2-1: Swinging Strike
2-2: Strikes out looking
Batting: RHB Cristián Ortega 0-0: Ground out 5-3 (Groundball, 56)
Top of the 5th over - 0 run(s), 1 hit(s), 0 error(s), 1 left on base; Tacoma HS 7 - Newport News HS 1
BOTTOM OF THE 5TH
Newport News HS Paints batting - Pitching for Tacoma HS Torchmen : RHP Jim Major
Batting: RHB Paul Nelson 0-0: Ball
1-0: Ball
2-0: Ball
3-0: Called Strike
3-1: Base on Balls
Batting: LHB Juan Lima 0-0: Ball
1-0: Called Strike
1-1: Ball
2-1: Called Strike
2-2: Ball
3-2: Base on Balls
Paul Nelson to second
Pitching: LHP Chad Waterman
Batting: LHB Mark Wilson 0-0: Ball
1-0: SINGLE (Line Drive, 56D)
Paul Nelson to third
Juan Lima to second
Batting: RHB Lynn Johnson 0-0: Ball
1-0: Ball
2-0: Ball
3-0: Called Strike
3-1: Fly out, F4 (Popup, 34D)
Batting: LHB William Donnelly 0-0: GRAND SLAM HOME RUN (Flyball, 8RXD), Distance : 451 ft
Batting: RHB Todd McDaniel 0-0: Ball
1-0: Ball
2-0: Ball
3-0: Base on Balls
Batting: RHB Seth O'Toole 0-0: Ball
1-0: Ball
2-0: Called Strike
2-1: Foul Ball, location: 2F
2-2: Grounds into double play, 5-4-3 (Groundball, 56)
Bottom of the 5th over - 4 run(s), 2 hit(s), 0 error(s), 0 left on base; Tacoma HS 7 - Newport News HS 5
TOP OF THE 6TH
Tacoma HS Torchmen batting - Pitching for Newport News HS Paints : LHP Jesús Quintana
Batting: RHB Ray Bray 0-0: Called Strike
0-1: Ball
1-1: Foul Ball, location: 2F
1-2: Ground out 5-3 (Groundball, 56)
Batting: LHB Larry Estes 0-0: Foul Ball, location: 2F
0-1: Swinging Strike
0-2: Ball
1-2: Ball
2-2: Ball
3-2: DOUBLE (Line Drive, 5L)
Batting: RHB Harold Allen 0-0: Intentional Walk
Pitching: RHP Steve Webb
Batting: RHB Edison Jones 0-0: Ball
1-0: Called Strike
Larry Estes steals 3rd base
Harold Allen to second
1-1: Intentional Walk
Batting: RHB Kel Turner 0-0: Ball
1-0: Swinging Strike
1-1: Ball
2-1: Ball
3-1: Foul Ball, location: 2F
3-2: Foul Ball, location: 2F
3-2: Base on Balls
Larry Estes scores
Harold Allen to third
Edison Jones to second
Batting: LHB Terry Ives 0-0: Called Strike
0-1: Called Strike
0-2: Ball
1-2: Ball
2-2: SINGLE (Groundball, 56D)
Harold Allen scores
Edison Jones to third
Kel Turner to second
Batting: RHB Dave MacGruder 0-0: Called Strike
0-1: Swinging Strike
0-2: Hit by Pitch
Edison Jones scores
Kel Turner to third
Terry Ives to second
Batting: RHB Scotty Sherman 0-0: Ball
1-0: Ball
2-0: Ball
3-0: Base on Balls
Kel Turner scores
Terry Ives to third
Dave MacGruder to second
Batting: RHB Cristián Ortega 0-0: SINGLE (Flyball, 4MD)
Terry Ives scores
Dave MacGruder to third
Scotty Sherman to second
Batting: RHB Ray Bray 0-0: Ball
1-0: Called Strike
1-1: Swinging Strike
1-2: Ball
2-2: Strikes out looking
Batting: LHB Larry Estes 0-0: Ball
1-0: Fly out, F8 (Flyball, 8LM)
Top of the 6th over - 5 run(s), 3 hit(s), 0 error(s), 3 left on base; Tacoma HS 12 - Newport News HS 5
BOTTOM OF THE 6TH
Newport News HS Paints batting - Pitching for Tacoma HS Torchmen : LHP Chad Waterman
Batting: RHB Steve Stephens 0-0: Ball
1-0: Swinging Strike
1-1: Foul Ball, location: 2F
1-2: Strikes out swinging
Batting: RHB John Graham 0-0: Ball
1-0: Swinging Strike
1-1: Foul Ball, location: 2F
1-2: Ball
2-2: Ball
3-2: Fly out, F2 (Popup, 2LF)
Batting: RHB Paul Nelson 0-0: Ball
1-0: Ball
2-0: Ball
3-0: Called Strike
3-1: Called Strike
3-2: Foul Ball, location: 2F
3-2: Base on Balls
Batting: LHB Juan Lima 0-0: Called Strike
0-1: Ball
1-1: Foul Ball, location: 2F
1-2: Ball
2-2: Ball
3-2: Base on Balls
Paul Nelson to second
Batting: LHB Mark Wilson 0-0: Called Strike
0-1: Called Strike
0-2: Strikes out swinging
Bottom of the 6th over - 0 run(s), 0 hit(s), 0 error(s), 2 left on base; Tacoma HS 12 - Newport News HS 5
TOP OF THE 7TH
Tacoma HS Torchmen batting - Pitching for Newport News HS Paints : RHP Steve Webb
Pitching: RHP Sacha Ouellet
Batting: RHB Harold Allen 0-0: Called Strike
0-1: Ball
1-1: Ball
2-1: Foul Ball, location: 2F
2-2: Foul Ball, location: 2F
2-2: Ball
3-2: Foul Ball, location: 2F
3-2: Ground out 6-3 (Groundball, 6)
Batting: RHB Edison Jones 0-0: SINGLE (Line Drive, 7S)
Batting: RHB Kel Turner 0-0: Called Strike
0-1: Called Strike
0-2: Strikes out swinging
Batting: LHB Terry Ives 0-0: Fly out, F7 (Flyball, 78M)
Top of the 7th over - 0 run(s), 1 hit(s), 0 error(s), 1 left on base; Tacoma HS 12 - Newport News HS 5
BOTTOM OF THE 7TH
Newport News HS Paints batting - Pitching for Tacoma HS Torchmen : LHP Chad Waterman
Pitching: RHP Greg Robison
Batting: RHB Lynn Johnson 0-0: Ball
1-0: Reached on error, E5 (Groundball, 5S)
Batting: LHB William Donnelly 0-0: Ball
1-0: Called Strike
1-1: Ball
2-1: Foul Ball, location: 2F
2-2: Foul Ball, location: 2F
2-2: Ball
3-2: Foul Ball, location: 2F
3-2: Ground out 4-3 (Groundball, 4M)
Lynn Johnson to second
Batting: RHB Todd McDaniel 0-0: Ball
1-0: SINGLE (Line Drive, 7LS)
Lynn Johnson to third
Batting: RHB Seth O'Toole 0-0: 3-RUN HOME RUN (Flyball, 78XD), Distance : 430 ft
Pitching: LHP Bradley Hansen
Batting: RHB Steve Stephens 0-0: Ball
1-0: Ball
2-0: Ball
3-0: Called Strike
3-1: Ground out 6-3 (Groundball, 6M)
Batting: RHB John Graham 0-0: Foul Ball, location: 2F
0-1: Foul Ball, location: 2F
0-2: Ball
1-2: Ball
2-2: Strikes out swinging
Bottom of the 7th over - 3 run(s), 2 hit(s), 1 error(s), 0 left on base; Tacoma HS 12 - Newport News HS 8
TOP OF THE 8TH
Tacoma HS Torchmen batting - Pitching for Newport News HS Paints : RHP Sacha Ouellet
Batting: RHB Dave MacGruder 0-0: Ball
1-0: Ball
2-0: Ball
3-0: Called Strike
3-1: DOUBLE (Groundball, 5L)
Batting: RHB Scotty Sherman 0-0: Called Strike
0-1: Ball
1-1: Called Strike
1-2: Strikes out swinging
Batting: RHB Cristián Ortega 0-0: Ball
1-0: Called Strike
Dave MacGruder steals 3rd base
1-1: Ball
2-1: Ball
3-1: Base on Balls
Pitching: RHP William Valdéz
Batting: RHB Ray Bray 0-0: Ball
1-0: Swinging Strike
1-1: SINGLE (Groundball, 34)
Dave MacGruder scores
Cristián Ortega to second
Runner from 2nd tries for 3rd, SAFE, no throw or cutoff
Batting: LHB Larry Estes 0-0: Called Strike
Throwing error on steal attempt, E2
Cristián Ortega scores
Ray Bray to third
0-1: Foul Ball, location: 2F
0-2: DOUBLE (Flyball, 8LD)
Ray Bray scores
Batting: RHB Harold Allen 0-0: Ball
1-0: Ball
2-0: Foul Ball, location: 2F
2-1: Ground out 5-3 (Groundball, 5S)
Larry Estes to third
Batting: RHB Edison Jones 0-0: Ball
Wild Pitch!
Larry Estes scores
1-0: Ball
2-0: Called Strike
2-1: Ground out 5-3 (Groundball, 5S)
Top of the 8th over - 4 run(s), 3 hit(s), 1 error(s), 0 left on base; Tacoma HS 16 - Newport News HS 8
BOTTOM OF THE 8TH
Newport News HS Paints batting - Pitching for Tacoma HS Torchmen : LHP Bradley Hansen
Batting: RHB Paul Nelson 0-0: Ball
1-0: Foul Ball, location: 2F
1-1: SINGLE (Groundball, 5D)
Batting: LHB Juan Lima 0-0: Ball
1-0: Foul Ball, location: 2F
1-1: Swinging Strike
1-2: Ball
2-2: Ball
3-2: DOUBLE (Flyball, 7M)
Paul Nelson to third
Batting: LHB Mark Wilson 0-0: Foul Ball, location: 2F
0-1: Ball
1-1: Called Strike
1-2: Foul Ball, location: 2F
1-2: Ball
2-2: Ball
3-2: Foul Ball, location: 2F
3-2: Base on Balls
Batting: RHB Lynn Johnson 0-0: Fly out, F7 (Flyball, 7M)
Runner from 3rd tags up, SCORES, throw made
Batting: LHB William Donnelly 0-0: Ball
1-0: Ball
2-0: Foul Ball, location: 2F
2-1: Ball
3-1: Base on Balls
Juan Lima to third
Mark Wilson to second
Batting: RHB Todd McDaniel 0-0: Ball
1-0: Ball
2-0: Foul Ball, location: 2F
2-1: Ball
3-1: Base on Balls
Juan Lima scores
Mark Wilson to third
William Donnelly to second
Pitching: RHP Eric Wallace
Batting: RHB Seth O'Toole 0-0: Swinging Strike
0-1: Called Strike
0-2: Ball
1-2: Strikes out looking
Batting: RHB Steve Stephens 0-0: Ball
1-0: SINGLE (Groundball, 4M)
Mark Wilson scores
William Donnelly to third
Todd McDaniel to second
Pitching: RHP Pat Ferson
Batting: RHB John Graham 0-0: Foul Ball, location: 2F
0-1: Ball
1-1: Called Strike
1-2: Strikes out swinging
Bottom of the 8th over - 3 run(s), 3 hit(s), 0 error(s), 3 left on base; Tacoma HS 16 - Newport News HS 11
TOP OF THE 9TH
Tacoma HS Torchmen batting - Pitching for Newport News HS Paints : RHP William Valdéz
Pitching: LHP William Jackson
Batting: RHB Kel Turner 0-0: Foul Ball, location: 2F
0-1: Called Strike
0-2: Strikes out looking
Batting: LHB Terry Ives 0-0: Called Strike
0-1: Ball
1-1: Ball
2-1: Ball
3-1: Base on Balls
Batting: RHB Dave MacGruder 0-0: Ball
1-0: 2-RUN HOME RUN (Flyball, 78XD), Distance : 431 ft
Batting: RHB Scotty Sherman 0-0: Called Strike
0-1: Foul Ball, location: 2F
0-2: Ball
1-2: Ball
2-2: Fly out, F9 (Flyball, 9LM)
Batting: RHB Cristián Ortega 0-0: Ball
1-0: Swinging Strike
1-1: Fly out, F9 (Popup, 34D)
Top of the 9th over - 2 run(s), 1 hit(s), 0 error(s), 0 left on base; Tacoma HS 18 - Newport News HS 11
BOTTOM OF THE 9TH
Newport News HS Paints batting - Pitching for Tacoma HS Torchmen : RHP Pat Ferson
Batting: RHB Paul Nelson 0-0: Ball
1-0: Ball
2-0: Ball
3-0: Base on Balls
Batting: LHB Juan Lima 0-0: Ball
1-0: Foul Ball, location: 2F
Single, Error in OF, E9, batter to second base
Paul Nelson to third
Batting: LHB Mark Wilson 0-0: Ball
1-0: Ball
2-0: Ball
3-0: Base on Balls
Batting: RHB Lynn Johnson 0-0: Ball
1-0: Called Strike
1-1: Ball
2-1: Swinging Strike
2-2: Strikes out swinging
Batting: LHB William Donnelly 0-0: Called Strike
0-1: Called Strike
0-2: Foul Ball, location: 2F
0-2: GRAND SLAM HOME RUN (Flyball, 89XD), Distance : 439 ft
Pitching: RHP Howard Buchanan
Batting: RHB Todd McDaniel 0-0: Ball
1-0: Foul Ball, location: 2F
1-1: Foul Ball, location: 2F
1-2: Ground out 5-3 (Groundball, 5L)
Batting: RHB Seth O'Toole 0-0: Ball
1-0: Called Strike
1-1: Foul Ball, location: 2F
1-2: Foul Ball, location: 2F
Single, Error in OF, E9, batter to second base
Batting: RHB Steve Stephens 0-0: Called Strike
0-1: Foul Ball, location: 2F
0-2: Ball
1-2: Ball
2-2: Strikes out looking
Bottom of the 9th over - 4 run(s), 3 hit(s), 2 error(s), 1 left on base; Tacoma HS 18 - Newport News HS 15
Monday, December 5th, 2016 - OOTP Baseball 17.12 Build 75